 Dungeon Crawl Stone Soup version 0.26.1-2-gb8aa6d0cf2 (webtiles) character file.

Game seed: 14940529317004177169

49 Hudbad the Cudgeller (level 3, 0/31 HPs)
             Began as a Minotaur Berserker on Mar 2, 2021.
             Was a Believer of Trog.
             Slain by an orc
             ... wielding a +0 falchion
              (3 damage)
             ... on level 2 of the Dungeon.
             The game lasted 00:02:23 (955 turns).

Hudbad the Cudgeller (Minotaur Berserker)            Turns: 955, Time: 00:02:24

Health: 0/31       AC:  3    Str: 22    XL:     3   Next: 53%
Magic:  2/2        EV: 12    Int:  4    God:    Trog [**....]
Gold:   23         SH:  0    Dex:  9    Spells: 2/2 levels left

rFire    . . .     SeeInvis .   a - +0 mace
rCold    . . .     Faith    .   (no shield)
rNeg     . . .     Spirit   .   b - +0 animal skin
rPois    .         Reflect  .   (helmet restricted)
rElec    .         Harm     .   (no cloak)
rCorr    .         Rampage  .   (no gloves)
Will     .....                  d - +0 pair of boots
Stlth    +.........             (no amulet)
HPRegen  0.10/turn              (no ring)
MPRegen  0.08/turn              (no ring)

@: berserk cooldown, slowed, very slow
A: retaliatory headbutt, horns 2
a: Renounce Religion, Berserk, Trog's Hand


You were on level 2 of the Dungeon.
You worshipped Trog.
Trog was pleased with you.
You visited 1 branch of the dungeon, and saw 2 of its levels.

You collected 23 gold pieces.

Inventory:

Hand Weapons
 a - a +0 mace (weapon)
Armour
 b - a +0 animal skin (worn)
 d - a +0 pair of boots (worn)
Wands
 e - a wand of random effects (20)
Scrolls
 f - a scroll of amnesia {unknown}
Potions
 c - 2 potions of lignification {unknown}


   Skills:
 - Level 3.6 Fighting
 * Level 5.6 Maces & Flails
 - Level 2.4 Armour
 - Level 2.1 Dodging


You had 2 spell levels left.
You didn't know any spells.
Your spell library was empty.

Dungeon Overview and Level Annotations

Branches:
Dungeon (2/15)

Altars:


Innate Abilities, Weirdness & Mutations

You reflexively headbutt those who attack you in melee.
You have a pair of horns on your head.


Message History

The hobgoblin misses you.
You closely miss the hobgoblin. You headbutt the hobgoblin.
You kill the hobgoblin!
Trog accepts your kill.
f - a scroll labelled EDIZASI TELL You see here a hobgoblin corpse.
An orc comes into view.
The orc moves out of view.
An orc comes into view. It is wielding a +0 falchion.
The orc shouts! x2; You hear a shout!
An orc comes into view. It is wielding a +0 dagger of draining.
The orc closely misses you. You furiously retaliate!
You headbutt the orc. The orc hits you with a +0 falchion!
* * * LOW HITPOINT WARNING * * *
The orc closely misses you. The orc barely misses you.
You barely miss the orc. Your headbutt misses the orc. The orc misses you.
The orc hits you with a +0 falchion.
* * * LOW HITPOINT WARNING * * *
The orc hits you with a +0 falchion.
You die...

#.†.# ....#)## ###
#.)###### ##......#
#.†....# ##......#
..........#####
...#.....†....##
....##......###.@#####
###.........# ##oo.o.#
..#.......# #####..# #
#######.. ... ### #


You could see 3 orcs.

Vanquished Creatures
  Robin (D:2)
  A dart slug (D:1)
  12 goblins
  7 hobgoblins
  5 bats
  6 frilled lizards
  A kobold (D:1)
  3 rats
36 creatures vanquished.

Notes
Turn   | Place    | Note
-------+----------+-------------------------------------------
     0 | D:1      | Hudbad the Minotaur Berserker began the quest for the Orb.
     0 | D:1      | Reached XP level 1. HP: 19/19 MP: 0/0
    78 | D:1      | Reached skill level 4 in Maces & Flails
   205 | D:1      | Reached XP level 2. HP: 21/26 MP: 1/1
   900 | D:2      | Noticed Robin
   912 | D:2      | Reached ** piety under Trog
   913 | D:2      | Reached skill level 5 in Maces & Flails
   916 | D:2      | Reached XP level 3. HP: 23/31 MP: 2/2
   927 | D:2      | Killed Robin
   955 | D:2      | Slain by an orc

Illustrated notes

Levels and vault maps discovered:
D:1:      sevenhm_arrival_forest_fort_small_5, layout_loops_ring,
          minmay_misc_feat_encased, chequers_hall_statues_wall_a
D:2:      layout_rooms, st_stairs_5, kennysheep_generic_room_5, uniq_terence,
          uniq_robin

Skill      XL: |  1  2 |
---------------+-------+-----
Maces & Flails | 4 5 |  5.6
Fighting       | |  3.6
Armour         | |  2.4
Dodging        | |  2.1

Action                   || total
-------------------------++-------
Melee: Mace              ||    50
       Headbutt          ||     5
Invok: Berserk           ||     1
Armor: Animal skin       ||     8
Dodge: Dodged            ||    37
